AoeStats
← FxFlashmob

MegaRandom

509206590Analyzed
3v3 RM · 7d ago on Sep 25, 2026· 48m 32s· 6 players
Game mode
Random Map
Map size
Normal (6 player)
Population
200
Speed
Normal
Resources
Standard
Victory
Conquest
Starting age
Dark Age
Ending age
Imperial Age
RankedLock teamsTeams togetherTeam positionsShared explorationLock speedFull tech treeHidden civsTurbo modeCheats
Victory
Defeat
🇩🇪 Chinese · Germany
1208
+11
🇩🇪 Persians · Germany
1172
+13
🇩🇪 Mongols · Germany
1076
+17
🇦🇷 Huns · Argentina
1104
-14
🇦🇷 Byzantines · Argentina
1101
-14
🇵🇪 Khitans · Peru
1087
-13
vnajar_14
4:56 Loom
12:52 Feudal Age
18:45 Castle Age
16:35 Double-Bit Axe
17:07 Domestication
19:22 Scale Barding Armor
20:39 Forging
29:36 Pastoralism
29:50 Bow Saw
32:38 Scale Mail Armor
33:14 Iron Casting
32:45 Squires
32:31 Gambesons
32:33 Arson
34:54 Chain Mail Armor
36:20 Fletching
36:30 Padded Archer Armor
36:52 Elite Skirmisher
37:31 Bodkin Arrow
42:55 Imperial Age
41:58 Ballistics
42:42 Gold Mining
42:43 Stone Mining
43:12 Husbandry
43:37 Lamellar Armor
45:18 Heavy Camel Rider
DS_Mc. Patto
5:56 Loom
9:35 Feudal Age
11:22 Double-Bit Axe
15:01 Fletching
22:51 Castle Age
21:36 Padded Archer Armor
22:11 Scale Mail Armor
23:30 Bodkin Arrow
22:56 Crossbowman
24:02 Bow Saw
24:02 Pikeman
26:23 Gold Mining
37:01 Imperial Age
35:41 Stone Mining
36:10 Chain Mail Armor
38:59 Stone Shaft Mining
40:15 Wheelbarrow
41:20 Hand Cart
43:20 Elite Skirmisher
guilleaacevedo
0:31 Loom
11:48 Feudal Age
13:06 Wheelbarrow
12:43 Double-Bit Axe
13:12 Horse Collar
15:56 Forging
15:53 Scale Barding Armor
17:34 Bloodlines
23:22 Castle Age
23:43 Stone Mining
24:19 Hand Cart
23:30 Pikeman
24:47 Husbandry
26:27 Squires
27:48 Light Cavalry
39:40 Imperial Age
40:56 Iron Casting
40:22 Scale Mail Armor
39:43 Capped Ram
40:00 Halberdier
41:16 Chain Barding Armor
42:17 Siege Ram
44:38 Blast Furnace
43:53 Chain Mail Armor
44:11 Fletching
46:54 Plate Barding Armor
46:35 Chain Mail Armor
Bundesamt
8:54 Loom
11:48 Feudal Age
12:32 Double-Bit Axe
12:32 Horse Collar
19:11 Fletching
19:22 Padded Archer Armor
21:45 Castle Age
22:57 Leather Archer Armor
22:38 Bodkin Arrow
22:06 Elite Skirmisher
29:12 Ballistics
31:48 Wheelbarrow
34:07 Thumb Ring
39:54 Imperial Age
41:26 Parthian Tactics
40:25 Heavy Cavalry Archer
41:32 Parthian Tactics
40:55 Arson
42:46 Chemistry
46:26 Bow Saw
46:05 Light Cavalry
46:55 Bloodlines
46:56 Forging
46:47 Scale Mail Armor
46:57 Scale Barding Armor
46:53 Bracer
47:10 Forging
47:06 Scale Barding Armor
FxFlashmob
0:30 Loom
10:51 Feudal Age
13:02 Double-Bit Axe
17:37 Castle Age
19:03 Bloodlines
20:47 Scale Barding Armor
23:21 Horse Collar
24:46 Chain Barding Armor
27:21 Husbandry
27:36 Forging
29:18 Bow Saw
29:05 Fletching
29:16 Crossbowman
32:18 Heavy Plow
33:00 Iron Casting
32:27 Bodkin Arrow
34:45 Wheelbarrow
33:58 Town Watch
38:58 Imperial Age
38:28 Padded Archer Armor
39:11 Hand Cart
38:58 Town Patrol
39:31 Ballistics
39:07 Murder Holes
40:03 Cavalier
41:19 Plate Barding Armor
40:45 Bracer
41:56 Blast Furnace
42:11 Chemistry
42:08 Conscription
41:54 Gold Mining
41:55 Stone Mining
43:10 Two-Man Saw
43:28 Leather Archer Armor
44:50 Elite Chu Ko Nu
45:54 Rocketry
45:42 Thumb Ring
46:49 Ring Archer Armor
46:21 Scale Mail Armor
tzui11
4:47 Loom
10:35 Feudal Age
11:31 Double-Bit Axe
18:33 Castle Age
22:21 Bow Saw
27:06 Horse Collar
28:03 Scale Barding Armor
28:09 Forging
29:37 Wheelbarrow
31:35 Hand Cart
31:35 Bloodlines
32:10 Town Watch
32:43 Husbandry
32:39 Gold Mining
36:31 Imperial Age
34:03 Heavy Plow
34:55 Gold Shaft Mining
34:11 Stone Mining
34:07 Light Cavalry
36:53 Chain Barding Armor
36:25 Fletching
36:25 Cavalier
38:16 Two-Man Saw
37:48 Crop Rotation
38:16 Ballistics
37:52 Murder Holes
38:57 Theocracy
38:49 Block Printing
38:09 Savar
39:40 Stone Shaft Mining
40:56 Plate Barding Armor
40:57 Iron Casting
41:21 Bodkin Arrow
41:09 Hussar
43:40 Crossbowman
44:27 Thumb Ring
45:49 Citadels
46:00 Conscription
46:19 Hoardings
Connection lost

Rejoining the realm…

Still unreachable

The connection could not be restored.

Session expired

The server has moved on; the page needs a fresh start.